 Dungeon Crawl Stone Soup version 0.18.1-1-g2f07953 (webtiles) character file.

209 IcyTea the Firebug (level 5, 0/38 HPs)
             Began as a Centaur Fire Elementalist on May 6, 2016.
             Succumbed to an orc wizard's poison
             ... on level 4 of the Dungeon.
             The game lasted 00:30:28 (3409 turns).

IcyTea the Firebug (Centaur Fire Elementalist)      Turns: 3409, Time: 00:30:30

Health: 0/38       AC:  5    Str: 16    XL:     5   Next: 55%
Magic:  1/7        EV:  9    Int: 15    God:
Gold:   157        SH:  0    Dex:  9    Spells: 2 memorised, 1 level left

rFire  . . .     SeeInvis .     p - +3 flail
rCold  + . .     Gourm    .     a - +0 robe
rNeg   . . .     Faith    .     (no shield)
rPois  .         Spirit   .     (no helmet)
rElec  .         Dismiss  .     (no cloak)
rCorr  .         Reflect  .     l - +0 pair of gloves
SustAt .         Harm     .     (no barding)
MR     +....                    (no amulet)
Stlth  +.........               h - ring of protection from magic
                                m - ring of protection from cold

@: mighty, lethally poisoned (0 -> -15), very slightly contaminated, invisible,
very quick, somewhat resistant to hostile enchantments, very unstealthy
A: hooves 3, deformed body, speed 2, tough skin 3
a: no special abilities


You were on level 4 of the Dungeon.
You were not hungry.

You visited 1 branch of the dungeon, and saw 4 of its levels.

You collected 157 gold pieces.

Inventory:

Hand Weapons
 e - a +2 short sword of speed
 p - a +3 flail (weapon)
Missiles
 o - 5 tomahawks (quivered)
Armour
 a - a +0 robe (worn)
 l - a +0 pair of gloves (worn)
Jewellery
 h - a ring of protection from magic (right hand)
 m - a ring of protection from cold (left hand)
Wands
 r - a wand of lightning (5/15)
 t - a wand of iceblast (7/15)
Scrolls
 d - 7 scrolls of remove curse
 i - 2 scrolls of identify
 q - a scroll of immolation
Books
 b - a book of Flames

   Spells                             Type                      Level
   a - Flame Tongue                   Conjuration/Fire             1
   b - Throw Flame                    Conjuration/Fire             2
   c - Conjure Flame                  Conjuration/Fire             3
   d - Inner Flame                    Hexes/Fire                   3
   e - Sticky Flame                   Conjuration/Fire             4
   f - Fireball                       Conjuration/Fire             5
 u - a book of Changes

   Spells                             Type                      Level
   a - Beastly Appendage              Transmutation                1
   b - Sticks to Snakes               Transmutation                2
   c - Spider Form                    Transmutation/Poison         3
   d - Ice Form                       Ice/Transmutation            4
   e - Blade Hands                    Transmutation                5
Comestibles
 c - 5 bread rations
 f - 2 meat rations
 g - 2 slices of pizza
 k - 3 royal jellies


   Skills:
 - Level 1.3 Dodging
 - Level 1.2 Stealth
 - Level 1.5 Spellcasting
 + Level 2.7 Conjurations
 - Level 5.0 Fire Magic


You had one spell level left.
You knew the following spells:

 Your Spells              Type           Power        Failure   Level  Hunger
a - Flame Tongue          Conj/Fire      ##...        6%          1    ##.....
b - Fireball              Conj/Fire      ##........   97%         5    ######.


Dungeon Overview and Level Annotations

Branches:
Dungeon (4/15)
 Temple: D:4-7

Altars:
Trog
Zin


Innate Abilities, Weirdness & Mutations

You have hooves in place of feet.
Armour fits poorly on your strangely shaped body.
You cover ground very quickly.
You have extremely tough skin (AC +3).


Message History

* * * LOW HITPOINT WARNING * * *
You feel sick. Something hits you but does no damage.
You are more poisoned.
The orc priest completely misses you.
* * * LOW HITPOINT WARNING * * *
You feel sick.
Found a glowing mace.
Drink which item? (? for menu, Esc to quit)
You feel very mighty all of a sudden.
Your surroundings suddenly seem different.
* * * LOW HITPOINT WARNING * * *
You feel sick.
Eat which item? (? for menu, Esc to quit)
* * * LOW HITPOINT WARNING * * *
You feel sick.
You continue eating.
* * * LOW HITPOINT WARNING * * *
You feel sick.
You continue eating.
You die...

....... .......
######+######
..............
..............
...............
...............########
......................#
.o..............@.....#
)###+##....#+##.......#
..'o..+ ).. #.......#
.)#o..# . ######### .##
..# ## ##


There were no monsters in sight!

Vanquished Creatures
  An orc priest (D:4)
  2 hounds (D:4)
  An iguana (D:4)
  3 adders
  A worm (D:2)
  2 dart slugs
  2 giant geckos
  4 orcs
  A ball python (D:1)
  A giant cockroach (D:2)
  9 goblins
  3 hobgoblins
  7 jackals
  2 quokkas
  4 bats
  2 giant newts
  10 kobolds
  4 rats
59 creatures vanquished.

Notes
Turn   | Place    | Note
--------------------------------------------------------------
     0 | D:1      | IcyTea the Centaur Fire Elementalist began the quest for the Orb.
     0 | D:1      | Reached XP level 1. HP: 14/14 MP: 3/3
     3 | D:1      | Noticed an electric eel
     3 | D:1      | Noticed an electric eel
   257 | D:1      | Reached skill level 3 in Fire Magic
   730 | D:1      | Reached XP level 2. HP: 11/20 MP: 0/4
  1112 | D:2      | Reached XP level 3. HP: 22/26 MP: 1/5
  1178 | D:2      | Reached skill level 4 in Fire Magic
  1271 | D:2      | Found a glowing silver altar of Zin.
  2098 | D:3      | Reached XP level 4. HP: 33/33 MP: 3/6
  2725 | D:4      | Found a bloodstained altar of Trog.
  2776 | D:4      | Reached skill level 5 in Fire Magic
  2953 | D:4      | Reached skill level 1 in Conjurations
  2953 | D:4      | Reached XP level 5. HP: 16/38 MP: 0/7
  2960 | D:4      | Learned a level 5 spell: Fireball
  3407 | D:4      | HP: 1/38 [poisoned by an orc wizard]
  3409 | D:4      | Succumbed to an orc wizard's poison

Skill      XL: |  1  2  3  4  5 |
---------------+----------------+-----
Fire Magic     | 3 4 5 |  5.0
Conjurations   | 1 2 |  2.7
Dodging        | |  1.3
Stealth        | |  1.2
Spellcasting   | |  1.5

Action                   |  1- 3 |  4- 6 || total
-------------------------+-------+-------++-------
Melee: Short sword       |    36 |       ||    36
       Kick              |     4 |     3 ||     7
       Unarmed           |     1 |       ||     1
       Flail             |     6 |    30 ||    36
Throw: Tomahawk          |       |     1 ||     1
 Cast: Flame Tongue      |    60 |    36 ||    96
  Use: Scroll            |     4 |     3 ||     7
       Potion            |     1 |     2 ||     3
  Eat: Chunk             |     4 |     4 ||     8
       Royal jelly       |       |     1 ||     1
Armor: Robe              |    29 |    17 ||    46
Dodge: Dodged            |    41 |    28 ||    69
